 Dungeon Crawl Stone Soup version 0.24.0-123-gd5b16e6ec5 (webtiles) character file.

Game seed: 13417936677826263023, levelgen mode: deterministic

3363 HarlemGrape the Fighter (level 9, -8/89 HPs)
             Began as a Minotaur Fighter on Feb 10, 2020.
             Was the Champion of Zin.
             Mangled by a troll (12 damage)
             ... while paralysed
             ... on level 7 of the Dungeon.
             The game lasted 00:26:31 (7393 turns).

HarlemGrape the Fighter (Minotaur Fighter)          Turns: 7393, Time: 00:26:32

Health: -8/89      AC: 12    Str: 23 (26) XL:     9   Next: 73%
Magic:  8/8        EV:  2    Int:  0 (3)  God:    Zin [******]
Gold:   652        SH:  0    Dex: 12 (13) Spells: 8/8 levels left

rFire    + . .     SeeInvis +   r - +1 mace (protect)
rCold    . . .     Gourm    .   q - +0 buckler of Femi {rElec rF+ rN+ Int-2 SInv}
rNeg     + . .     Faith    .   b - +0 scale mail
rPois    .         Spirit   .   (helmet restricted)
rElec    +         Reflect  .   s - +1 cloak
rCorr    .         Harm     .   e - +1 pair of gloves
MR       .....                  (no boots)
Stlth    ..........             (no amulet)
HPRegen  0.24/turn              (no ring)
MPRegen  0.11/turn              (no ring)

@: paralysed, mighty, slowed, lost intelligence
A: retaliatory headbutt, horns 2
a: Recite, Vitalisation, Imprison, Sanctuary, Donate Gold, Renounce Religion


You were on level 7 of the Dungeon.
You worshipped Zin.
Zin was exalted by your worship.
You were hungry.

You visited 2 branches of the dungeon, and saw 10 of its levels.

You collected 808 gold pieces.
You donated 156 gold pieces to Zin.

Inventory:

Hand Weapons
 a - a +1 long sword
 r - a +1 mace of protection (weapon)
 C - the cursed +1 hunting sling "Wuid" {flame, Str+2 Int+3, unknown}
   (You found it on level 4 of the Dungeon)

   It causes projectiles fired from it to burn those they strike, causing extra
   injury to most foes and up to half again as much damage against particularly
   susceptible opponents.
   It affects your strength (+2).
   It affects your intelligence (+3).
   It has a curse placed upon it.
Missiles
 g - 360 stones
 h - 3 throwing nets
 n - 4 javelins (quivered)
 v - 84 arrows
 y - 53 sling bullets
 I - 6 silver boomerangs
Armour
 b - a +0 scale mail (worn)
 c - the cursed +0 leather armour of the Beggar {rC+ Str-3 Dex+2, unknown}
   (You found it on level 7 of the Dungeon)

   It affects your strength (-3).
   It affects your dexterity (+2).
   It protects you from cold.
   It has a curse placed upon it.
 e - a +1 pair of gloves (worn)
 q - the +0 buckler of Femi (worn) {rElec rF+ rN+ Int-2 SInv}
   (You found it on level 6 of the Dungeon)

   It affects your intelligence (-2).
   It protects you from fire.
   It insulates you from electricity.
   It protects you from negative energy.
   It lets you see invisible.
 s - a +1 cloak (worn)
 E - the +6 scale mail "Otoaschi" {*Corrode rF+ Int+4, unknown}
   (You found it on level 5 of the Dungeon)

   It affects your intelligence (+4).
   It protects you from fire.
   It may corrode you when you take damage.
Jewellery
 d - an uncursed ring of ice {unknown}
 p - an uncursed amulet of regeneration
 u - a +5 ring of evasion {unknown}
 F - a +3 ring of intelligence {unknown}
Wands
 G - a wand of flame (25)
Scrolls
 o - 5 scrolls of enchant armour
 B - 2 scrolls of amnesia
 D - 3 scrolls of identify
 H - a scroll of magic mapping
Potions
 i - a potion of brilliance
 j - a potion of invisibility {unknown}
 k - a potion of heal wounds {unknown}
 m - 2 potions of resistance
 t - a potion of degeneration
 z - a potion of mutation
 A - a potion of lignification {unknown}
Comestibles
 f - 12 rations


   Skills:
 * Level 11.0 Fighting
 - Level 2.4 Long Blades
 + Level 8.2 Armour
 * Level 11.0 Shields


You had 8 spell levels left.
You didn't know any spells.
Your spell library contained the following spells:

 Spells                   Type           Power        Failure   Level  Hunger
 Freeze                   Ice            #...         86%         1    ##.....
 Throw Frost              Conj/Ice       #.....       94%         2    ###....
 Ozocubu's Armour         Chrm/Ice       #.......     99%         3    ####...
 Summon Ice Beast         Ice/Summ       #.......     100%        4    #####..
 Throw Icicle             Conj/Ice       #.......     100%        4    #####..


Dungeon Overview and Level Annotations

Branches:
Dungeon (9/15)             Temple (1/1) D:4
   Lair: D:8-11         Orc: D:9-12

Altars:
Ashenzari
Dithmenos
Elyvilon
Fedhas
Gozag
Hepliaklqana
Kikubaaqudgha
Makhleb
Nemelex Xobeh
Okawaru
Qazlal
Ru
Sif Muna
Trog
Uskayaw
Vehumet
Wu Jian
Xom
Yredelemnul
Zin
The Shining One


Innate Abilities, Weirdness & Mutations

You reflexively headbutt those who attack you in melee.
You have a pair of horns on your head.


Message History

There is a stone staircase leading up here.
The troll bites you!
* * * LOW HITPOINT WARNING * * *
The troll claws you but does no damage. The troll claws you.
Zin protects you from harm!
You climb upwards.
There is a stone staircase leading down here.
Evoke which item? (* to show all) (? for menu, Esc to quit)
Okay, then.
You feel very mighty all of a sudden.
You feel a little less clever now. The troll bites you but does no damage.
The troll claws you but does no damage. x2
It was a potion of mutation.
Zin cleanses your potion of mutation! You block the troll's attack. x3
It was a potion of degeneration.
There was something very wrong with that liquid.
You feel weakened.
You feel dopey.
You have lost your intelligence.
You feel clumsy. The troll bites you!
You die...

...'....#........................
..##...##########..####'##...##..
'###...##.....###..###..##...##..
..>#...'.........).#.............
...#...#...........#.............
...#...#........[..#.............
..##..###....###...##.(.##...##..
#########....###...##...##...##..
#.........@........#....#..
#..........T.......#....#..
#..................#....'..
########.....########....#....#..
....#..#.....##....##....#....#..
.....#..................####'##..
.....#..................##...##..
.....#.......................####
..#######...###....##........#...


You could see a troll.

Vanquished Creatures
  Pikel (D:4)
  Sigmund (D:2)
  2 orc warriors
  A necrophage (D:8)
  3 ice beasts
  3 ogres
  A phantom (D:7)
  3 centaurs
  A bullfrog (D:3)
  2 scorpions
  A water moccasin skeleton (D:5)
  3 killer bees (D:6)
  A howler monkey (D:8)
  A centaur zombie (D:7)
  A bullfrog zombie (D:5)
  A quasit (D:6)
  2 hounds
  2 jellies
  Crazy Yiuf (D:2)
  4 orc priests
  2 centaur skeletons
  10 orc wizards
  Jessica (D:2)
  3 iguanas
  7 worker ants
  A killer bee zombie (D:6)
  A hound skeleton (D:6)
  4 gnolls (D:8)
  6 adders
  2 shadow imps
  4 oozes
  An adder skeleton (D:6)
  6 worms
  3 dart slugs (D:3)
  3 leopard geckos
  27 orcs
  3 bats
  4 giant cockroaches
  7 goblins
  10 hobgoblins
  3 jackals
  3 quokkas
  2 ball pythons
  A ball python skeleton (D:4)
  7 frilled lizards
  A quokka zombie (D:5)
  7 rats
164 creatures vanquished.

Vanquished Creatures (others)
  An orc wizard (D:4)
  A hound skeleton (D:4)
  A dart slug (D:4)
  A leopard gecko (D:4)
  2 orcs (D:4)
  A frilled lizard (D:4)
7 creatures vanquished.

Grand Total: 171 creatures vanquished

Notes
Turn   | Place    | Note
-------+----------+-------------------------------------------
     0 | D:1      | HarlemGrape the Minotaur Fighter began the quest for the
                  | Orb.
     0 | D:1      | Reached XP level 1. HP: 19/19 MP: 0/0
   334 | D:1      | Reached XP level 2. HP: 21/27 MP: 1/1
   998 | D:2      | Noticed an ogre
  1002 | D:2      | Killed an ogre
  1002 | D:2      | Reached skill level 5 in Fighting
  1002 | D:2      | Reached skill level 5 in Shields
  1002 | D:2      | Reached XP level 3. HP: 26/36 MP: 2/2
  1002 | D:2      | Reached XP level 4. HP: 31/42 MP: 3/3
  1120 | D:2      | Noticed Sigmund
  1134 | D:2      | Killed Sigmund
  1134 | D:2      | Reached XP level 5. HP: 18/50 MP: 4/4
  1134 | D:2      | Reached XP level 6. HP: 21/57 MP: 5/5
  1352 | D:2      | Noticed Jessica
  1357 | D:2      | Killed Jessica
  1402 | D:2      | Reached skill level 5 in Armour
  1904 | D:2      | Found a runed translucent door.
  1905 | D:2      | Noticed Crazy Yiuf
  2076 | D:2      | Killed Crazy Yiuf
  2409 | D:3      | Found a white marble altar of Elyvilon.
  2504 | D:3      | Reached XP level 7. HP: 55/64 MP: 6/6
  2670 | D:3      | Found a stormy altar of Qazlal.
  2775 | D:4      | Noticed Pikel
  2788 | D:4      | Killed Pikel
  2788 | D:4      | Reached XP level 8. HP: 26/74 MP: 7/7
  3080 | D:4      | Got a slimy hunting sling
  3147 | D:4      | Found an opulent altar of Gozag.
  3181 | D:4      | Found a staircase to the Ecumenical Temple.
  3224 | Temple   | Entered the Ecumenical Temple
  3283 | Temple   | Became a worshipper of Zin the Law-Giver
  3283 | Temple   | Reached * piety under Zin
  3287 | Temple   | Donated 76 gold pieces to Zin
  3727 | D:5      | Entered Level 5 of the Dungeon
  3894 | D:5      | Got an ichor-stained scale mail
  3926 | D:5      | Reached ** piety under Zin
  4248 | D:5      | Reached *** piety under Zin
  4327 | D:5      | Reached **** piety under Zin
  4582 | D:5      | Reached ***** piety under Zin
  5391 | D:5      | Reached XP level 9. HP: 74/84 MP: 8/8
  5501 | D:6      | Found a white marble altar of Elyvilon.
  5526 | D:6      | Found a glowing golden altar of the Shining One.
  5693 | D:6      | Reached skill level 10 in Fighting
  5693 | D:6      | Reached skill level 10 in Shields
  5717 | D:6      | Found an ornate altar of the Wu Jian Council.
  5730 | D:6      | Got a jewelled buckler
  5747 | D:6      | Found a shattered altar of Ashenzari.
  5748 | D:6      | Found a shimmering blue altar of Sif Muna.
  5800 | D:6      | Reached ****** piety under Zin
  5885 | D:6      | Identified the cursed +0 buckler of Femi {rElec rF+ rN+
                  | Int-2 SInv} (You found it on level 6 of the Dungeon)
  6174 | D:7      | Got a bloodstained leather armour
  6596 | D:7      | Found a shadowy altar of Dithmenos.
  7182 | D:8      | Noticed a troll
  7330 | D:8      | HP: 2/86 [centaur/+0 flail (6)]
  7334 | D:9      | Noticed a two-headed ogre
  7335 | D:9      | HP: 3/86 [centaur/+0 flail (1)]
  7340 | D:8      | HP: 3/89 [hound (1)]
  7356 | D:8      | HP: 3/89 [hound (3)]
  7389 | D:8      | HP: 3/89 [troll (7)]
  7389 | D:8      | Zin protects you from harm!
  7393 | D:7      | Lost intelligence.
  7393 | D:7      | Mangled by a troll

Levels and vault maps discovered:
D:1:      onia_arrival_mini_maze, layout_loops_corners
D:2:      minmay_chambers_of_ones, layout_loops_cross, kennysheep_minor_cross,
          minmay_octomino_j4, uniq_crazy_yiuf_cottage, uniq_jessica,
          uniq_sigmund
D:3:      layout_basic, old_standard_altar, nicolae_overflow_hidden_temple,
          first_ration
D:4:      minmay_recursive_quarters, layout_basic, grunt_gozag_breadcrumbs,
          minmay_temple_entry_mist, uniq_pikel
D:5:      minmay_polygon_palace, layout_basic, minmay_misc_feat_doors
D:6:      layout_cave_pools, kennysheep_little_box,
          chequers_temple_overflow_statue_of_worship, elyvilon_altar_5
D:7:      layout_gridville, grunt_dithmenos_shadows
D:8:      layout_loops_ring, minmay_fractal_squares_5
D:9:      layout_gridville, david_orc_2, hangedman_pestilent_swarm, uniq_maurice
Temple:   cyrus_circular_temple

Skill      XL: |  1  2  3  4  5  6  7  8  9 |
---------------+----------------------------+-----
Fighting       | 4 5 6 8 9 11 | 11.0
Shields        | 4 5 6 8 9 11 | 11.0
Armour         | 4 5 6 7 8 |  8.2
Long Blades    | |  2.4

Action                   |  1- 3 |  4- 6 |  7- 9 || total
-------------------------+-------+-------+-------++-------
Melee: Long sword        |    47 |    76 |   230 ||   353
       Headbutt          |     5 |    14 |    89 ||   108
       Mace              |       |       |   150 ||   150
Throw: Javelin           |       |       |     1 ||     1
Invok: Recite            |       |       |     1 ||     1
       Donate Gold       |       |       |     1 ||     1
       Vitalisation      |       |       |     1 ||     1
  Use: Potion            |       |     1 |    11 ||    12
       Scroll            |       |     4 |    13 ||    17
  Eat: Chunk             |       |     5 |     9 ||    14
       Ration            |       |       |     2 ||     2
Armor: Scale mail        |    20 |    22 |   254 ||   296
Dodge: Dodged            |    11 |    17 |   173 ||   201
Block: Shield            |    16 |    42 |   190 ||   248
       Buckler           |       |       |    71 ||    71
       Rpst.: Long sword |     3 |     3 |    28 ||    34
